 Dungeon Crawl Stone Soup version 0.30.0-29-ga12c61a403 (webtiles) character file.

Game seed: 7921795330533265014

213 qw the Chopper (level 5, 0/33 HPs)
             Began as a Gargoyle Fighter on June 4, 2023.
             Was an Initiate of Okawaru.
             Slain by an orc wizard
             ... wielding a +0 dagger
              (3 damage)
             ... on level 3 of the Dungeon.
             The game lasted 00:01:31 (2156 turns).

qw the Chopper (Gargoyle Fighter)                   Turns: 2156, Time: 00:01:32

Health: 0/33       AC: 14    Str: 21    XL:     5   Next: 90%
Magic:  5/5        EV:  7    Int:  9    God:    Okawaru [......]
Gold:   163        SH:  4    Dex:  9    Spells: 4/4 levels left

rFire   . . .        Y - +1 war axe
rCold   . . .        c - +0 buckler
rNeg    + . .        f - +0 chain mail
rPois   inf          m - +0 helmet
rElec   +            (no cloak)
rCorr   .            (no gloves)
SInv    .            (no boots)
Will    .....        (no amulet) Stlth
                     (no ring)
HPRegen 0.25/turn    (no ring)
MPRegen 0.09/turn

%: no passive effects
@: about to teleport
A: sickness immunity, AC +4, negative energy resistance 1, electricity
resistance, torment resistance 1, petrification resistance
a: Renounce Religion


You were on level 3 of the Dungeon.
You worshipped Okawaru.
Okawaru was noncommittal.
You visited 1 branch of the dungeon, and saw 3 of its levels.

You collected 163 gold pieces.


Innate Abilities, Weirdness & Mutations

You are immune to sickness and miasma.
Your stone body is resilient. (AC +4)
You are immune to poison.
You resist negative energy. (rN+)
You are resistant to electric shocks. (rElec)
You are resistant to unholy torment.
You are immune to petrification.


   Skills:
 - Level 4.1 Fighting
 + Level 5.0 Axes
 - Level 3.2 Armour
 - Level 3.2 Shields


You had 4 spell levels left.
You didn't know any spells.
Your spell library was empty.

Inventory:

Hand Weapons
 n - a +0 flail
 Y - a +1 war axe (weapon)
Armour
 c - a +0 buckler (worn)
 f - a +0 chain mail (worn)
 m - a +0 helmet (worn)
Jewellery
 a - a +6 ring of intelligence
 h - an amulet of guardian spirit
Scrolls
 p - 2 scrolls of identify
Potions
 b - a potion of heal wounds {unknown}
 d - 2 potions of might
 e - a potion of resistance
 i - a potion of haste
 j - a potion of invisibility {unknown}
 k - a potion of mutation {unknown}
 l - a potion of lignification {unknown}
 o - a potion of attraction {unknown}

Dungeon Overview and Level Annotations

Branches:
Dungeon (3/15)

Altars:
Kikubaaqudgha
Nemelex Xobeh
Okawaru
Sif Muna
Vehumet
The Shining One

Shops:
D:2 [

Annotations:
D:3 1 runed translucent door, Crazy Yiuf


Message History

The orc wizard closely misses you. Something hits you but does no damage.
The orc wizard casts a spell at you. The magic dart hits you.
You hear some strange, mumbled words.
A magic dart appears from out of thin air!
The magic dart hits you. The orc wizard casts a spell at you.
The puff of flame hits you but does no damage.
Something hits you but does no damage. The orc wizard casts a spell at you.
The puff of flame hits you but does no damage.
Something hits you but does no damage.
The orc wizard hits you but does no damage.
Something hits you but does no damage.
The orc wizard hits you but does no damage.
Something hits you.
The orc wizard hits you but does no damage.
Something hits you but does no damage.
The orc wizard hits you with a +0 dagger.
Something hits you but does no damage.
The orc wizard hits you but does no damage.
You hear some strange, mumbled words.
A magic dart appears from out of thin air!
The magic dart hits you but does no damage.
The orc wizard barely misses you. Something hits you but does no damage.
The orc wizard barely misses you. Something hits you but does no damage.
You feel less confused.
The orc wizard hits you but does no damage.
Something hits you but does no damage.
2155 ||| READING scroll of teleportation.
As you read the scroll of teleportation, it crumbles to dust.
You feel strangely unstable.
The orc wizard hits you but does no damage.
Something hits you but does no damage.
You barely miss the orc wizard.
The orc wizard is severely wounded.
You closely miss something.
The orc wizard hits you but does no damage.
Something hits you.
You die...

#...........#_)'...###.#
............#..#....##.#
#.##...[....####.....#.#
#.###......##..#.}.}.#.#
..# #......##_)'..}....#
#####......##..#.}.}.###
# #........####.....# #
#.......##..#)...## #
#.......##_.o@..## #
#..#######..#{.##
####.## ##*#### #....#
..#### .## ## #


You could see an orc wizard.

Vanquished Creatures
  3 orc wizards (D:3)
  5 adders
  2 worms (D:2)
  A dart slug (D:1)
  2 orcs (D:3)
  4 endoplasms
  7 giant cockroaches
  5 goblins
  7 hobgoblins
  10 jackals
  5 quokkas
  3 ball pythons (D:3)
  7 bats
  4 frilled lizards
  8 kobolds
  5 rats
78 creatures vanquished.

Notes
Turn   | Place    | Note
-------+----------+-------------------------------------------
     0 | D:1      | qw the Gargoyle Fighter began the quest for the Orb.
     0 | D:1      | Reached XP level 1. HP: 14/14 MP: 1/1
     0 | D:1      | 0 ||| qw: Version: 0.2-a-107-g4668610
     0 | D:1      | 0 ||| qw: Game counter: 1271
     0 | D:1      | 0 ||| qw: Always use a shield: true
     0 | D:1      | 0 ||| qw: God list: Okawaru
     0 | D:1      | 0 ||| qw: Allow faded altars: false
     0 | D:1      | 0 ||| qw: Do Orc after D:15 true
     0 | D:1      | 0 ||| qw: Do second Lair branch before Depths: true
     0 | D:1      | 0 ||| qw: Lair rune preference: random
     0 | D:1      | 0 ||| qw: Plans: Normal, Zot:1-4, Slime:5, God:TSO, Crypt,
                  | Tomb, Abyss, Pan, Hells, Win
     0 | D:1      | 0 ||| PLANNING D:1-11
    68 | D:1      | Reached skill level 2 in Axes
    97 | D:1      | 97 ||| Stepping ~*~*~tactically~*~*~ (hiding).
   100 | D:1      | 100 ||| Stepping ~*~*~tactically~*~*~ (hiding).
   107 | D:1      | 107 ||| Stepping ~*~*~tactically~*~*~ (stealth).
   177 | D:1      | 177 ||| Stepping ~*~*~tactically~*~*~ (stealth).
   178 | D:1      | 178 ||| Stepping ~*~*~tactically~*~*~ (stealth).
   183 | D:1      | Reached XP level 2. HP: 19/19 MP: 2/2
   224 | D:1      | 224 ||| Stepping ~*~*~tactically~*~*~ (stealth).
   261 | D:1      | Found a faded altar of an unknown god.
   361 | D:1      | Reached skill level 3 in Axes
   374 | D:1      | Reached XP level 3. HP: 23/23 MP: 3/3
   638 | D:1      | 638 ||| UPGRADING to +0 helmet.
   643 | D:1      | 643 ||| READING scroll labelled KEJUSI TADIRPHO.
   644 | D:1      | 644 ||| READING scroll labelled CULOUWNIXAOF.
   645 | D:1      | 645 ||| READING scroll labelled ROUJOE IFUONKU.
   648 | D:1      | 648 ||| READING scroll labelled AGHIPL ASUNOPS.
   649 | D:1      | 649 ||| DRINKING 2 brown potions.
   727 | D:2      | Found Lecegah's Armour Shop.
   766 | D:2      | 766 ||| SHOPLISTING +0 ring mail of cold resistance (121
                  | gold, have 64).
   766 | D:2      | 766 ||| SHOPLISTING +2 ring mail of Lugonu's Regard {rElec
                  | rF+ rC+} (462 gold, have 64).
   766 | D:2      | 766 ||| SHOPLISTING +4 chain mail of positive energy (313
                  | gold, have 64).
   944 | D:2      | 944 ||| Stepping ~*~*~tactically~*~*~ (hiding).
   947 | D:2      | 947 ||| Stepping ~*~*~tactically~*~*~ (hiding).
  1169 | D:2      | Reached XP level 4. HP: 28/28 MP: 4/4
  1179 | D:2      | 1179 ||| DROPPING +0 club.
  1191 | D:2      | Reached skill level 4 in Axes
  1337 | D:2      | 1337 ||| Stepping ~*~*~tactically~*~*~ (stealth).
  1465 | D:2      | 1465 ||| UPGRADING to +0 chain mail.
  1475 | D:2      | 1475 ||| DROPPING +0 scale mail.
  1476 | D:2      | 1476 ||| READING scroll labelled EKIORA JEAGGA.
  1477 | D:2      | 1477 ||| DRINKING 2 yellow potions.
  1615 | D:3      | 1615 ||| DROPPING +0 whip.
  1642 | D:3      | 1642 ||| Stepping ~*~*~tactically~*~*~ (stealth).
  1710 | D:3      | 1710 ||| Stepping ~*~*~tactically~*~*~ (stealth).
  1739 | D:3      | Reached XP level 5. HP: 29/32 MP: 5/5
  1766 | D:3      | 1766 ||| Stepping ~*~*~tactically~*~*~ (stealth).
  1787 | D:3      | Found a glowing golden altar of the Shining One.
  1787 | D:3      | Found a sparkling altar of Nemelex Xobeh.
  1800 | D:3      | Found an iron altar of Okawaru.
  1801 | D:3      | 1801 ||| PLANNING OKAWARU WORSHIP
  1801 | D:3      | 1801 ||| READING scroll labelled MAUTRO KISHABLEJO.
  1802 | D:3      | 1802 ||| READING 2 scrolls labelled XUN WAELEV.
  1803 | D:3      | 1803 ||| DRINKING 2 glowing clear potions.
  1804 | D:3      | 1804 ||| DROPPING scroll of noise.
  1811 | D:3      | 1811 ||| Stepping ~*~*~tactically~*~*~ (stealth).
  1830 | D:3      | Became a worshipper of Warmaster Okawaru
  1830 | D:3      | 1830 ||| PLANNING D:1-11
  1894 | D:3      | Found a runed translucent door.
  1895 | D:3      | Noticed Crazy Yiuf
  2072 | D:3      | Found a radiant altar of Vehumet.
  2081 | D:3      | Reached skill level 5 in Axes
  2096 | D:3      | Found an ancient bone altar of Kikubaaqudgha.
  2127 | D:3      | Found a shimmering blue altar of Sif Muna.
  2128 | D:3      | 2128 ||| DRINKING potion of curing.
  2128 | D:3      | 2128 ||| (to cure confusion)
  2144 | D:3      | HP: 7/33 [orc wizard/magic dart (4)]
  2150 | D:3      | HP: 1/33 [orc wizard/+0 dagger (3)]
  2155 | D:3      | 2155 ||| READING scroll of teleportation.
  2156 | D:3      | Slain by an orc wizard

Levels and vault maps discovered:
D:1:      dpeg_arrival_tiny_c, layout_rooms,
          shapermc_ecumenical_altar_notcrosses
D:2:      layout_loops_ring, serial_shops, nicolae_shop_peninsula,
          nicolae_half_adder
D:3:      minmay_inner_zag, layout_rooms, palyth_temple_overflow_mages,
          grunt_temple_overflow_open, minmay_cupped, uniq_crazy_yiuf_cottage,
          uniq_terence

Skill      XL: |  1  2  3  4  5 |
---------------+----------------+-----
Axes           | 2 3 4 5 |  5.0
Fighting       | 4 |  4.1
Armour         | |  3.2
Shields        | |  3.2

Action                     |  1- 3 |  4- 6 || total
---------------------------+-------+-------++-------
  Melee: War axe           |   120 |   114 ||   234
    Use: Scroll            |     4 |     4 ||     8
         Potion            |     1 |     3 ||     4
 Armour: Scale mail        |    52 |    22 ||    74
         Chain mail        |       |   101 ||   101
  Dodge: Dodged            |    56 |    39 ||    95
  Block: Buckler           |    20 |    19 ||    39

Table legend:
 A = Non-vault XP
 B = Vault XP
 C = Vault XP percentage of total XP
 D = Non-vault monster count
 E = Vault monster count
 F = Vault count percentage of total count
                 A         B        C        D         E       F
            +---------+---------+-------+---------+---------+-------
      Total |     141 |     164 |  53.8 |      62 |      16 |  20.5
            +---------+---------+-------+---------+---------+-------
        D:1 |      50 |       0 |   0.0 |      28 |       0 |   0.0
        D:2 |      34 |      39 |  53.4 |      16 |       3 |  15.8
        D:3 |      57 |     125 |  68.7 |      18 |      13 |  41.9
            +---------+---------+-------+---------+---------+-------
